 Dungeon Crawl Stone Soup version 0.20-a0-465-g6513c8f (webtiles) character file.

722 ololoev the Ruffian (level 7, 0/53 HPs)
             Began as a Troll Fire Elementalist on Jan 12, 2017.
             Was a Believer of Cheibriados.
             Slain by a shadow (10 damage)
             ... summoned by the capriciousness of Xom
             ... on level 5 of the Dungeon.
             The game lasted 00:06:53 (2790 turns).

ololoev the Ruffian (Troll Fire Elementalist)       Turns: 2790, Time: 00:06:54

Health: 0/53       AC:  7    Str: 23    XL:     7   Next: 43%
Magic:  7/7        EV: 11    Int: 16    God:    Cheibriados [**....]
Gold:   236        SH:  0    Dex: 16    Spells: 8/8 levels left

rFire  . . .     SeeInvis .       - Unarmed
rCold  . . .     Gourm    +     h - +0 troll leather armour {Purgy}
rNeg   . . .     Faith    .     (no shield)
rPois  .         Spirit   .     (helmet restricted)
rElec  .         Reflect  .     (no cloak)
rCorr  .         Harm     .     (gloves unavailable)
MR     .....                    (boots unavailable)
Stlth  ++........               (no amulet)
                                (no ring)
                                (no ring)

@: very slow
A: unfitting armour, beak, claws 3, fast metabolism 3, frail 1, gourmand,
regeneration 1, shaggy fur 1, tough skin 2
a: Bend Time, Renounce Religion


Innate Abilities, Weirdness & Mutations

You are too large for most types of armour.
You have claws for hands.
Your metabolism is lightning-fast.
You like to eat raw meat.
Your natural rate of healing is unusually fast.
You are covered in fur. (AC +1)
You have very tough skin. (AC +2)
You have a beak for a mouth.
You are frail. (-10% HP)

Inventory:

Armour
 h - a +0 troll leather armour (worn) {Purgy}
Wands
 q - a wand of confusion (0/48)
Scrolls
 e - a scroll of remove curse
 g - a scroll of magic mapping
 j - a scroll of teleportation
 k - a scroll of blinking {unknown}
 p - 2 scrolls of enchant weapon
Potions
 a - a potion of might
 d - a potion of degeneration {unknown}
 l - a potion of lignification
 m - a potion of resistance {unknown}
 n - a potion of haste {unknown}
 o - a potion of heal wounds {unknown}
 r - a potion of curing {unknown}
Comestibles
 b - a slice of pizza
 c - 3 bread rations
 f - a beef jerky


   Skills:
 - Level 1.7 Throwing
 + Level 2.9 Armour
 + Level 2.9 Dodging
 - Level 1.0 Stealth
 * Level 5.3 Unarmed Combat
 - Level 1.2 Spellcasting
   Level 0.6 Conjurations
   Level 2.1 Fire Magic
 + Level 2.0 Invocations


You had 8 spell levels left.
You didn't know any spells.


You were on level 5 of the Dungeon.
You worshipped Cheibriados.
Cheibriados was pleased with you.
You were completely stuffed.

You visited 1 branch of the dungeon, and saw 5 of its levels.

You collected 236 gold pieces.

...... ... ...#
.8.∩.8. <#.#
........
.#.#########....8..
...............$...
.........W......#.#
#########.###### .#
##.#######.#
#.......W@.#
#..######### #..#
#..# #.?# #?.# ...#
...

Notes
Turn   | Place    | Note
-------+----------+-------------------------------------------
     0 | D:1      | ololoev the Troll Fire Elementalist began the quest for the Orb.
     0 | D:1      | Reached XP level 1. HP: 16/16 MP: 1/1
   273 | D:1      | Reached skill level 1 in Unarmed Combat
   309 | D:1      | Reached XP level 2. HP: 24/24 MP: 2/2
   407 | D:2      | Found a shimmering altar of Xom.
   411 | D:2      | Reached skill level 1 in Armour
   559 | D:2      | Reached XP level 3. HP: 31/31 MP: 3/3
   729 | D:2      | Reached skill level 1 in Throwing
  1041 | D:2      | Reached skill level 2 in Unarmed Combat
  1572 | D:3      | Found a faded altar of an unknown god.
  1572 | D:3      | Found a faded altar of an unknown god.
  1577 | D:3      | Found a glowing silver altar of Zin.
  1579 | D:3      | Found a hide-covered altar of Uskayaw.
  1581 | D:3      | Found a stormy altar of Qazlal.
  1610 | D:3      | Iwannabefree: neuzheli tr takoi trudny
  1632 | D:3      | ololoev: teleportnulo v finalniy vault v O2
  1632 | D:3      | Became a worshipper of Xom of Chaos
  1651 | D:3      | XOM: silly message
  1672 | D:3      | Fell from the grace of Xom
  1711 | D:3      | Iwannabefree: u n l u c k
  1711 | D:3      | XOM: give mutation
  1711 | D:3      | Gained mutation: You have a beak for a mouth. [Xom's mischief]
  1719 | D:3      | Noticed a phantom
  1761 | D:3      | Killed a phantom
  1761 | D:3      | Reached skill level 3 in Unarmed Combat
  1761 | D:3      | Reached XP level 4. HP: 6/39 MP: 4/4
  1761 | D:3      | Reached XP level 5. HP: 7/45 MP: 5/5
  1804 | D:3      | Became a worshipper of Cheibriados the Contemplative
  1804 | D:3      | Reached * piety under Cheibriados
  1880 | D:3      | Noticed Purgy
  1889 | D:3      | Killed Purgy
  1907 | D:3      | Reached skill level 4 in Unarmed Combat
  1930 | D:3      | XOM: medium Pois miscast
  1949 | D:3      | Reached XP level 6. HP: 53/53 MP: 6/6
  1968 | D:3      | Found a glowing golden altar of the Shining One.
  2001 | D:3      | Noticed Terence
  2012 | D:3      | Killed Terence
  2012 | D:3      | Reached ** piety under Cheibriados
  2012 | D:3      | Reached skill level 1 in Invocations
  2077 | D:3      | Found a shattered altar of Ashenzari.
  2117 | D:3      | XOM: mild Pois miscast
  2377 | D:4      | Found an iron altar of Okawaru.
  2444 | D:4      | Found a staircase to the Ecumenical Temple.
  2504 | D:4      | XOM: give mutation
  2504 | D:4      | Gained mutation: You are frail. (-10% HP) [Xom's mischief]
  2613 | D:4      | Noticed Potsanchik's ghost (novice TeGl)
  2623 | D:4      | Killed Potsanchik's ghost
  2623 | D:4      | Reached skill level 5 in Unarmed Combat
  2623 | D:4      | Reached XP level 7. HP: 32/53 MP: 7/7
  2751 | D:5      | Entered Level 5 of the Dungeon
  2769 | D:5      | Found Piowug's Jewellery Emporium.
  2770 | D:5      | XOM: medium Necr miscast
  2771 | D:5      | Noticed a shadow
  2771 | D:5      | Noticed a shadow
  2790 | D:5      | Slain by a shadow

Dungeon Overview and Level Annotations

Branches:
Dungeon (5/15)             Temple (0/1) D:4

Altars:
Ashenzari
Cheibriados
Okawaru
Qazlal
Uskayaw
Xom
Zin
The Shining One

Shops:
D:5 =


Message History

The shadow hits you.
Evoke which item? (* to show all) (? for menu, Esc to quit)
Aiming: Confuse (will waste charges)
Press: ? - help, Shift-Dir - straight line, f/p - shadow
Aim: a shadow (summoned, chance to defeat MR: 28%)
The shadow easily resists.
Evoking this partially-identified wand wasted a few charges.
The shadow barely misses you.
Evoke which item? (* to show all) (? for menu, Esc to quit)
Aiming: Confuse (will waste charges)
Press: ? - help, Shift-Dir - straight line, f/p - shadow
Aim: a shadow (summoned, chance to defeat MR: 28%)
The shadow easily resists.
Evoking this partially-identified wand wasted a few charges.
The shadow hits you.
Evoke which item? (* to show all) (? for menu, Esc to quit)
Aiming: Confuse (will waste charges)
Press: ? - help, Shift-Dir - straight line, f/p - shadow
Aim: a shadow (summoned, chance to defeat MR: 28%)
The shadow easily resists.
Evoking this partially-identified wand wasted a few charges.
The shadow hits you!
Evoke which item? (* to show all) (? for menu, Esc to quit)
Aiming: Confuse (will waste charges)
Press: ? - help, Shift-Dir - straight line, f/p - shadow
Aim: a shadow (summoned, chance to defeat MR: 28%)
The shadow easily resists.
Evoking this partially-identified wand wasted a few charges.
The shadow hits you!
Evoke which item? (* to show all) (? for menu, Esc to quit)
Aiming: Confuse (will waste charges)
Press: ? - help, Shift-Dir - straight line, f/p - shadow
Aim: a shadow (summoned, chance to defeat MR: 28%)
The shadow easily resists.
Evoking this partially-identified wand wasted a few charges.
The shadow slips into darkness.
The shadow flickers and vanishes!
Deactivating autopickup; reactivate with Ctrl-A.
Evoke which item? (* to show all) (? for menu, Esc to quit)
Aiming: Confuse (will waste charges)
Press: ? - help, Shift-Dir - straight line, f - shadow
Aim: a shadow (summoned, chance to defeat MR: 28%) Nothing appears to happen.
Evoking this partially-identified wand wasted a few charges.
The shadow strikes at you from the darkness!
Reactivating autopickup.
Evoke which item? (* to show all) (? for menu, Esc to quit)
Aiming: Confuse (will waste charges)
Press: ? - help, Shift-Dir - straight line, f/p - shadow
Aim: a shadow (summoned, chance to defeat MR: 28%)
The shadow easily resists.
Evoking this partially-identified wand wasted a few charges.
The shadow hits you!
Evoke which item? (* to show all) (? for menu, Esc to quit)
Aiming: Confuse (will waste charges)
Press: ? - help, Shift-Dir - straight line, f/p - shadow
Aim: a shadow (summoned, chance to defeat MR: 28%)
The shadow easily resists.
Evoking this partially-identified wand wasted a few charges.
The shadow slips into darkness.
The shadow flickers and vanishes!
Deactivating autopickup; reactivate with Ctrl-A.
Evoke which item? (* to show all) (? for menu, Esc to quit)
Aiming: Confuse (will waste charges)
Press: ? - help, Shift-Dir - straight line, f/p - shadow
Aim: a shadow (summoned, chance to defeat MR: 28%) Nothing appears to happen.
Evoking this partially-identified wand wasted a few charges.
The shadow strikes at you from the darkness!
Reactivating autopickup.
The shadow hits the shadow!
The shadow disappears in a puff of smoke!
The shadow slips into darkness.
The shadow flickers and vanishes!
Deactivating autopickup; reactivate with Ctrl-A.
The shadow strikes at you from the darkness!
Reactivating autopickup.
The shadow hits you!
You die... "It's all fun and games until someone loses an eye."

You could see a shadow.

Vanquished Creatures
  The ghost of Potsanchik the Cruncher, a novice TeGl (D:4)
  Purgy (D:3)
  A phantom (D:3)
  A scorpion (D:4)
  A centaur skeleton (D:4)
  2 worker ants (D:4)
  Terence (D:3)
  A hound zombie (D:5)
  6 adders
  3 oozes
  3 worms
  2 dart slugs
  2 leopard geckos (D:4)
  6 orcs
  2 ball pythons
  7 bats
  A giant cockroach (D:4)
  A goblin (D:1)
  6 hobgoblins
  8 jackals (D:3)
  4 quokkas
  3 frilled lizards
  5 kobolds
  7 rats
75 creatures vanquished.

Action                   |  1- 3 |  4- 6 |  7- 9 || total
-------------------------+-------+-------+-------++-------
Melee: Unarmed           |   133 |   105 |     9 ||   247
       Peck              |     2 |    16 |     3 ||    21
       Punch             |     2 |     1 |       ||     3
Invok: Renounce Religion |     1 |       |       ||     1
       Bend Time         |       |     1 |       ||     1
Evoke: Wand              |       |       |    10 ||    10
  Use: Potion            |     1 |     1 |       ||     2
       Scroll            |       |     7 |       ||     7
 Stab: Invisible         |     4 |       |       ||     4
       Sleeping          |     2 |       |     1 ||     3
       Distracted        |       |     1 |       ||     1
  Eat: Chunk             |    10 |    12 |     1 ||    23
       Bread ration      |     1 |       |       ||     1
Armor: Robe              |    34 |     4 |       ||    38
       Troll leather arm |       |    39 |     3 ||    42
Dodge: Dodged            |    63 |    53 |     6 ||   122

Vault maps used:
D:1:      minmay_arrival_arboretum_small
D:2:      overflow_temple_1_default, first_bread
D:3:      lemuel_doored_altar, evilmike_ruin_ashenzari,
          chequers_temple_overflow_minitemple, uniq_terence, uniq_purgy
D:4:      okawaru_ov_weapons_minmay
D:5:      serial_shops, nicolae_shop_statue_plus
